[ AOE2 MATCH · #507204241 ]
UnrankedCelts vs Ethiopians
Player's team · WIN
[ REPLAY ANALYSIS · EXTRACTED FROM THE RECORDED GAME ]
Feudal
9:17
Castle
24:19
Imperial
—
| APM avg | 81.9 |
| APM peak | 140 |
| eAPM avg | 44.7 |
| Villagers / military | 74 / 61 |
Focus
⚔️ 56.0% · 🌾 44.0%
Archer ×40 · Scout Cavalry ×9 · Knight ×6 · Mangonel ×4 · Spearman ×2
Feudal
10:16
Castle
16:07
Imperial
—
| APM avg | 60.4 |
| APM peak | 90 |
| eAPM avg | 32.0 |
| Villagers / military | 62 / 9 |
Focus
⚔️ 21.5% · 🌾 78.5%
Mangonel ×5 · Spearman ×3 · Battering Ram ×1
Match map
Initial resources + every placement click. Lines = walls · curves = elevation contours. ◆ gold · ⬟ stone · ● berries · ✦ relic · ◌ wall gap
Your base· ✓ Closed at 24:19 · 0t walls · 2 gate(s)
Player86688262's base· ✓ Closed at 16:07 · 25t walls · 3 gate(s)
Smoothed initial terrain · ◌ = detected wall gap · hover for details
Inputs per minute
— SVTT | Альпинист - - Player86688262
Build order — SVTT | Альпинист
First 150 of 195 actions detected
| 0:01 | Queue | Villager (Male) |
| 0:01 | Queue | Villager (Male) |
| 0:02 | Build | House |
| 0:02 | Queue | Villager (Male) |
| 0:03 | Build | House |
| 0:06 | Queue | Villager (Male) |
| 0:06 | Queue | Villager (Male) |
| 1:30 | Queue | Villager (Male) |
| 1:48 | Queue | Villager (Male) |
| 1:48 | Queue | Villager (Male) |
| 1:56 | Build | Lumber Camp |
| 2:16 | Queue | Villager (Male) |
| 2:45 | Queue | Villager (Male) |
| 2:45 | Queue | Villager (Male) |
| 2:53 | Queue | Villager (Male) |
| 3:03 | Build | House |
| 3:20 | Queue | Villager (Male) |
| 3:21 | Queue | Villager (Male) |
| 3:45 | Build | House |
| 3:48 | Queue | Villager (Male) |
| 3:48 | Queue | Villager (Male) |
| 4:05 | Queue | Villager (Male) |
| 4:31 | Queue | Villager (Male) |
| 4:32 | Queue | Villager (Male) |
| 5:12 | Build | Mining Camp |
| 5:17 | Queue | Villager (Male) |
| 5:45 | Queue | Villager (Male) |
| 5:46 | Queue | Villager (Male) |
| 5:52 | Research | Loom |
| 5:52 | Research | Loom |
| 7:07 | Research | Feudal Age |
| 7:07 | Research | Feudal Age |
| 7:31 | Build | Barracks |
| 8:24 | Queue | Villager (Male) |
| 9:17 | Age | Feudal Age |
| 9:19 | Build | Watch Tower |
| 9:26 | Build | Archery Range |
| 9:30 | Queue | Villager (Male) |
| 9:37 | Build | Mining Camp |
| 9:37 | Queue | Villager (Male) |
| 9:53 | Queue | Villager (Male) |
| 10:17 | Queue | Villager (Male) |
| 10:21 | Queue | Archer |
| 10:21 | Queue | Archer |
| 10:21 | Queue | Archer |
| 10:21 | Queue | Archer |
| 10:21 | Queue | Archer |
| 10:35 | Queue | Archer |
| 10:35 | Queue | Archer |
| 10:35 | Queue | Archer |
| 10:35 | Queue | Archer |
| 10:36 | Queue | Archer |
| 10:53 | Queue | Villager (Male) |
| 11:00 | Build | House |
| 11:05 | Queue | Archer |
| 11:05 | Queue | Archer |
| 11:05 | Queue | Archer |
| 11:05 | Queue | Archer |
| 11:06 | Queue | Archer |
| 11:06 | Queue | Archer |
| 11:06 | Queue | Archer |
| 11:15 | Build | Blacksmith |
| 11:16 | Build | Mill |
| 11:22 | Queue | Archer |
| 11:22 | Queue | Archer |
| 11:23 | Queue | Villager (Male) |
| 11:24 | Queue | Villager (Male) |
| 11:27 | Build | House |
| 11:32 | Queue | Archer |
| 11:32 | Queue | Archer |
| 12:01 | Build | Watch Tower |
| 12:15 | Research | Fletching |
| 12:16 | Research | Fletching |
| 12:32 | Queue | Archer |
| 12:49 | Queue | Villager (Male) |
| 12:49 | Queue | Villager (Male) |
| 12:52 | Build | House |
| 12:55 | Queue | Archer |
| 12:55 | Queue | Archer |
| 12:55 | Queue | Archer |
| 12:56 | Queue | Archer |
| 12:56 | Queue | Archer |
| 12:56 | Queue | Archer |
| 12:56 | Queue | Archer |
| 13:00 | Build | Farm |
| 13:02 | Build | Farm |
| 13:06 | Queue | Archer |
| 13:06 | Queue | Archer |
| 13:06 | Queue | Archer |
| 13:21 | Build | Farm |
| 13:48 | Build | Farm |
| 13:50 | Queue | Villager (Male) |
| 13:50 | Queue | Villager (Male) |
| 14:01 | Build | Watch Tower |
| 14:02 | Queue | Archer |
| 14:02 | Queue | Archer |
| 14:13 | Queue | Villager (Male) |
| 14:13 | Queue | Villager (Male) |
| 14:30 | Queue | Villager (Male) |
| 14:30 | Queue | Villager (Male) |
| 14:33 | Build | Farm |
| 15:01 | Research | Horse Collar |
| 15:01 | Research | Horse Collar |
| 15:27 | Queue | Villager (Male) |
| 15:27 | Queue | Villager (Male) |
| 15:40 | Build | House |
| 15:43 | Queue | Villager (Male) |
| 15:51 | Build | Watch Tower |
| 15:55 | Queue | Spearman |
| 15:55 | Queue | Spearman |
| 16:10 | Build | Farm |
| 16:12 | Build | Farm |
| 16:16 | Build | Farm |
| 16:24 | Queue | Villager (Male) |
| 16:24 | Queue | Villager (Male) |
| 16:36 | Build | Watch Tower |
| 16:37 | Queue | Archer |
| 16:38 | Queue | Archer |
| 16:55 | Build | Watch Tower |
| 17:03 | Queue | Villager (Male) |
| 17:15 | Queue | Villager (Male) |
| 17:18 | Research | Double-Bit Axe |
| 17:18 | Research | Double-Bit Axe |
| 17:30 | Queue | Archer |
| 17:50 | Queue | Villager (Male) |
| 17:50 | Queue | Villager (Male) |
| 17:50 | Queue | Villager (Male) |
| 17:51 | Queue | Villager (Male) |
| 17:58 | Build | House |
| 17:58 | Build | House |
| 18:33 | Queue | Villager (Male) |
| 18:34 | Queue | Villager (Male) |
| 18:34 | Queue | Villager (Male) |
| 18:38 | Queue | Villager (Male) |
| 18:38 | Queue | Villager (Male) |
| 18:40 | Build | Farm |
| 19:23 | Queue | Villager (Male) |
| 19:24 | Queue | Villager (Male) |
| 19:24 | Queue | Villager (Male) |
| 19:24 | Queue | Villager (Male) |
| 19:24 | Queue | Villager (Male) |
| 19:25 | Queue | Villager (Male) |
| 19:25 | Queue | Villager (Male) |
| 19:25 | Queue | Villager (Male) |
| 19:51 | Build | Market |
| 20:01 | Build | Watch Tower |
| 20:45 | Queue | Villager (Male) |
| 21:00 | Queue | Archer |
| 21:01 | Queue | Archer |
| 21:01 | Queue | Archer |
Build order — Player86688262
131 actions detected in the replay
| 0:02 | Queue | Villager (Male) |
| 0:02 | Queue | Villager (Male) |
| 0:02 | Queue | Villager (Male) |
| 0:03 | Build | House |
| 0:04 | Build | House |
| 0:17 | Queue | Villager (Male) |
| 0:17 | Queue | Villager (Male) |
| 1:31 | Queue | Villager (Male) |
| 1:32 | Queue | Villager (Male) |
| 1:47 | Build | Lumber Camp |
| 2:07 | Queue | Villager (Male) |
| 2:07 | Queue | Villager (Male) |
| 2:07 | Queue | Villager (Male) |
| 2:54 | Queue | Villager (Male) |
| 3:15 | Queue | Villager (Male) |
| 3:16 | Queue | Villager (Male) |
| 3:29 | Build | House |
| 3:34 | Build | House |
| 3:38 | Queue | Villager (Male) |
| 3:38 | Queue | Villager (Male) |
| 4:08 | Queue | Villager (Male) |
| 4:08 | Queue | Villager (Male) |
| 4:08 | Queue | Villager (Male) |
| 4:33 | Queue | Villager (Male) |
| 4:33 | Queue | Villager (Male) |
| 4:41 | Build | Mill |
| 5:32 | Queue | Villager (Male) |
| 5:34 | Build | House |
| 5:48 | Build | House |
| 5:53 | Queue | Villager (Male) |
| 5:53 | Queue | Villager (Male) |
| 5:54 | Queue | Villager (Male) |
| 6:50 | Queue | Villager (Male) |
| 6:50 | Queue | Villager (Male) |
| 7:29 | Build | Barracks |
| 7:39 | Queue | Villager (Male) |
| 8:06 | Research | Feudal Age |
| 8:09 | Build | Farm |
| 8:16 | Build | Farm |
| 8:40 | Queue | Villager (Male) |
| 8:40 | Queue | Villager (Male) |
| 9:23 | Research | Loom |
| 9:34 | Build | Palisade Wall |
| 9:53 | Build | Palisade Wall |
| 10:16 | Age | Feudal Age |
| 10:19 | Queue | Villager (Male) |
| 10:19 | Queue | Villager (Male) |
| 10:23 | Build | Blacksmith |
| 10:37 | Build | Watch Tower |
| 10:46 | Build | Watch Tower |
| 11:03 | Build | Palisade Wall |
| 11:06 | Build | Palisade Wall |
| 11:12 | Build | Palisade Wall |
| 11:13 | Build | Palisade Wall |
| 11:14 | Build | Palisade Wall |
| 11:17 | Build | Palisade Wall |
| 11:21 | Build | Palisade Wall |
| 11:30 | Queue | Villager (Male) |
| 11:30 | Queue | Villager (Male) |
| 11:41 | Build | Stable |
| 11:59 | Build | Palisade Wall |
| 12:37 | Queue | Villager (Male) |
| 12:38 | Queue | Villager (Male) |
| 12:38 | Queue | Villager (Male) |
| 12:41 | Research | Double-Bit Axe |
| 12:45 | Build | Mining Camp |
| 12:56 | Build | Palisade Wall |
| 12:58 | Build | Palisade Wall |
| 13:18 | Build | Farm |
| 13:21 | Research | Castle Age |
| 13:21 | Research | Castle Age |
| 13:30 | Build | Farm |
| 14:05 | Build | Mining Camp |
| 15:15 | Build | Farm |
| 15:16 | Build | Farm |
| 15:38 | Build | Palisade Wall |
| 15:55 | Queue | Villager (Male) |
| 15:56 | Queue | Villager (Male) |
| 15:59 | Build | House |
| 16:07 | Age | Castle Age |
| 16:12 | Queue | Villager (Male) |
| 16:13 | Queue | Villager (Male) |
| 16:23 | Build | Siege Workshop |
| 16:47 | Queue | Mangonel |
| 16:56 | Queue | Villager (Male) |
| 17:02 | Queue | Mangonel |
| 17:22 | Queue | Villager (Male) |
| 17:22 | Queue | Villager (Male) |
| 18:17 | Queue | Villager (Male) |
| 18:19 | Build | House |
| 18:20 | Build | House |
| 18:41 | Queue | Mangonel |
| 18:44 | Queue | Villager (Male) |
| 19:28 | Queue | Villager (Male) |
| 19:51 | Queue | Villager (Male) |
| 19:52 | Queue | Villager (Male) |
| 21:04 | Queue | Villager (Male) |
| 21:04 | Queue | Villager (Male) |
| 21:46 | Queue | Villager (Male) |
| 21:46 | Queue | Villager (Male) |
| 22:06 | Queue | Battering Ram |
| 22:07 | Queue | Villager (Male) |
| 22:07 | Queue | Villager (Male) |
| 22:11 | Queue | Villager (Male) |
| 22:12 | Research | Bow Saw |
| 22:15 | Build | Lumber Camp |
| 22:30 | Queue | Villager (Male) |
| 23:19 | Queue | Villager (Male) |
| 23:19 | Queue | Villager (Male) |
| 23:54 | Queue | Spearman |
| 24:20 | Build | Town Center |
| 24:40 | Build | Farm |
| 24:40 | Build | Farm |
| 24:46 | Build | Farm |
| 24:47 | Build | Farm |
| 24:49 | Build | Farm |
| 25:01 | Build | Farm |
| 25:01 | Build | Farm |
| 25:09 | Build | House |
| 25:10 | Build | House |
| 25:17 | Queue | Villager (Male) |
| 25:17 | Queue | Villager (Male) |
| 25:19 | Build | Farm |
| 25:33 | Queue | Villager (Male) |
| 25:33 | Queue | Villager (Male) |
| 25:38 | Build | Farm |
| 25:59 | Queue | Mangonel |
| 26:09 | Build | Mining Camp |
| 26:15 | Queue | Mangonel |
| 26:22 | Queue | Spearman |
| 26:22 | Queue | Spearman |
Match timeline
| 7:29 | Player86688262 · first_building Barracks |
| 7:31 | SVTT | Альпинист · first_building Barracks |
| 9:17 | SVTT | Альпинист · age_up feudal |
| 9:26 | SVTT | Альпинист · first_building Archery Range |
| 9:34 | Player86688262 · wall_segment Palisade Wall x5 |
| 9:53 | Player86688262 · wall_segment Palisade Wall x2 |
| 10:16 | Player86688262 · age_up feudal |
| 11:03 | Player86688262 · wall_segment Palisade Wall x1 |
| 11:06 | Player86688262 · wall_segment Palisade Wall x1 |
| 11:12 | Player86688262 · wall_segment Palisade Wall x1 |
| 11:13 | Player86688262 · wall_segment Palisade Wall x1 |
| 11:14 | Player86688262 · wall_segment Palisade Wall x1 |
| 11:17 | Player86688262 · wall_segment Palisade Wall x1 |
| 11:21 | Player86688262 · wall_segment Palisade Wall x1 |
| 11:41 | Player86688262 · first_building Stable |
| 11:59 | Player86688262 · wall_segment Palisade Wall x1 |
| 12:56 | Player86688262 · wall_segment Palisade Wall x1 |
| 12:58 | Player86688262 · wall_segment Palisade Wall x4 |
| 15:38 | Player86688262 · wall_segment Palisade Wall x5 |
| 16:07 | Player86688262 · age_up castle |
| 16:23 | Player86688262 · first_building Siege Workshop |
| 21:45 | SVTT | Альпинист · first_building Stable |
| 24:19 | SVTT | Альпинист · age_up castle |
| 24:23 | SVTT | Альпинист · first_building Siege Workshop |
| 25:15 | SVTT | Альпинист · first_building Castle |
| 26:17 | SVTT | Альпинист · first_market_sell 100 food |
| 27:09 | Player86688262 · resign |
[ AI ANALYSIS · 1 CREDIT ]
What really happened in this match?
Wolo.gg analyzes every decision: build order, eco, micro, common mistakes by bracket. Personalized analysis on WhatsApp or Discord in 30 seconds.
Civ guide
Celts
Perfil
Jugador #6375678